 Dungeon Crawl Stone Soup version 0.20.0-15-g7f486f2 (webtiles) character file.

18734 doot the Cleaver (level 12, -7/108 HPs)
             Began as a Minotaur Fighter on June 11, 2017.
             Was a High Priest of the Shining One.
             Mangled by a hornet (11 damage)
             ... while paralysed by a hornet
             ... on level 12 of the Dungeon.
             The game lasted 00:47:35 (14396 turns).

doot the Cleaver (Minotaur Fighter)                Turns: 14396, Time: 00:47:36

Health: -7/108     AC: 15    Str: 30    XL:     12   Next: 30%
Magic:  12/12      EV:  2    Int:  1    God:    the Shining One [*****.]
Gold:   407        SH:  0    Dex: 13    Spells: 11/11 levels left

rFire    . . .     SeeInvis .   Q - +2 war axe (freeze)
rCold    . . .     Gourm    .   c - +0 shield
rNeg     + + .     Faith    .   e - +3 plate armour
rPois    .         Spirit   .   (helmet restricted)
rElec    .         Reflect  .   (no cloak)
rCorr    .         Harm     .   s - +0 pair of gloves
MR       +....                  k - +0 pair of boots
Stlth    ..........             U - amulet of regeneration
Regen    0.7/turn               (no ring)
MPRegen  0.2/turn               (no ring)

@: paralysed, mighty, lethally poisoned (-7 -> -11), barbed spikes, slowed,
glowing
A: retaliatory headbutt, horns 2, deformed body, dopey 2, low mp 1, magic
resistance 1, strong 1
a: Divine Shield, Cleansing Flame, Summon Divine Warrior, Renounce Religion


You were on level 12 of the Dungeon.
You worshipped the Shining One.
The Shining One was extremely pleased with you.
You were very hungry.

You visited 3 branches of the dungeon, and saw 15 of its levels.
You also visited: Labyrinth and Sewer.

You collected 847 gold pieces.
You spent 440 gold pieces at shops.

Inventory:

Hand Weapons
 n - the +5 short sword "Demonbane" {flame, +Blink rF- Str+7 Stlth+}
   (You took it off a minotaur in a labyrinth)

   It has been specially enchanted to burn those struck by it, causing extra
   injury to most foes and up to half again as much damage against particularly
   susceptible opponents.
   It affects your strength (+7).
   It makes you vulnerable to fire.
   It lets you blink.
   It makes you more stealthy.
 w - a +2 war axe of chopping
 J - a +3 mace
 Q - a +2 war axe of freezing (weapon)
Armour
 c - a +0 shield (worn)
 e - a +3 plate armour (worn)
 k - a +0 pair of boots (worn)
 o - the +3 scale mail of Taipulimp {rC- MR+ rCorr Int+2}
   (You took it off a minotaur in a labyrinth)

   It affects your intelligence (+2).
   It makes you vulnerable to cold.
   It affects your resistance to hostile enchantments.
   It protects you from acid and corrosion.
 s - a +0 pair of gloves (worn)
Jewellery
 H - an uncursed amulet of harm
 U - an amulet of regeneration (around neck)
Wands
 h - a wand of flame (35/48)
 l - a wand of paralysis (4/24)
 q - a wand of flame (22/48)
 y - a wand of paralysis (9/24)
 K - a wand of digging (16/24)
 L - a wand of lightning (7/15)
 X - a wand of lightning (6/15)
Scrolls
 a - a scroll of magic mapping
 b - a scroll of noise {unknown}
 j - 3 scrolls of enchant weapon {unknown}
 r - 14 scrolls of identify
 t - 2 scrolls of fog {unknown}
 x - 2 scrolls of enchant armour {unknown}
 z - a scroll of amnesia {unknown}
 E - 2 scrolls of immolation {unknown}
 G - 2 scrolls of blinking {unknown}
 N - a scroll of random uselessness {unknown}
 O - 2 scrolls of teleportation
 S - 2 scrolls of recharging {unknown}
 T - a scroll of remove curse
 V - a scroll of vulnerability {unknown}
Potions
 d - a potion of might
 g - 2 potions of curing
 i - 3 potions of heal wounds
 p - 2 potions of flight
 F - a potion of magic
 P - a potion of haste
Books
 W - a book of Power

   Spells                             Type                      Level
   a - Iskenderun's Battlesphere      Conjuration/Charms           5
   b - Venom Bolt                     Conjuration/Poison           5
   c - Bolt of Magma                  Conjuration/Fire/Earth       5
   d - Iron Shot                      Conjuration/Earth            6
   e - Orb of Destruction             Conjuration                  7
   f - Spellforged Servitor           Conjuration/Summoning        7
 Y - a book of Party Tricks

   Spells                             Type                      Level
   a - Summon Butterflies             Summoning                    1
   b - Apportation                    Translocation                1
   c - Lesser Beckoning               Translocation                3
   d - Tukima's Dance                 Hexes                        3
   e - Alistair's Intoxication        Transmutation/Poison         5
   f - Invisibility                   Hexes                        6
Miscellaneous
 u - a box of beasts
 I - a lightning rod (4/4)
Comestibles
 f - 9 bread rations
 m - 9 meat rations
 v - 5 royal jellies
 M - 7 fruits


   Skills:
 + Level 10.6 Fighting
 + Level 12.6(13.9) Axes
 + Level 10.3(12.8) Maces & Flails
 + Level 10.7 Armour
 + Level 3.3 Dodging
 + Level 1.5 Stealth
 + Level 10.0 Shields
 * Level 3.9 Invocations


You had 11 spell levels left.
You didn't know any spells.

Dungeon Overview and Level Annotations

Branches:
Dungeon (12/15)            Temple (1/1) D:5            Lair (2/6) D:11
  Swamp: Lair:2-4    Shoals: Lair:2-4     Snake: Lair:2-4    Spider: Lair:2-4
    Orc: D:9-12

Altars:
Ashenzari
Cheibriados
Elyvilon
Fedhas
Gozag
Hepliaklqana
Okawaru
Qazlal
Ru
Sif Muna
Trog
Uskayaw
Xom
Yredelemnul
Zin
The Shining One

Shops:
D:7 }

Portals:
Trove: D:10 (give +4 shadow dragon scales)

Annotations:
Lair:2 Scuka's ghost, journeyman DDFi


Innate Abilities, Weirdness & Mutations

You reflexively headbutt those who attack you in melee.
You have a pair of horns on your head.
Armour fits poorly on your strangely shaped body.
You are very dopey. (Int -4)
Your magical capacity is low. (-10% MP)
You are resistant to hostile enchantments. (MR+)
Your muscles are strong. (Str +2)


Message History

You feel better. The hornet stings you.
* * * LOW HITPOINT WARNING * * *
You feel as though you will be slow longer.
The orc closely misses you. The hornet misses you.
The manticore barely misses you. You block the manticore's attack.
The manticore claws you but does no damage.
You block the orc's attack. The hornet stings you!
* * * LOW HITPOINT WARNING * * *
You are poisoned.
You suddenly lose the ability to move!
You feel sick.
The hornet stings you but does no damage.
The manticore barely misses you. The manticore claws you!
* * * LOW HITPOINT WARNING * * *
The manticore claws you but does no damage.
The orc hits you but does no damage.
You are lethally poisoned!
* * * LOW HITPOINT WARNING * * *
You feel sick. The hornet stings you!
You die...

#...........##...##)###.#
#.<.........####..'...#.#
#..)........# ########.#
#...........# #.....#
+..........<# #####'#
#...........# #####.#
#'##### ##..<..# #.y.##
#..##### ######@.###
####'######
#....))Ho.###..........
#...∩[....'.#.....>....
#...)......[#..........
+...........[).........
#..........##...........
#........................
#.............##.........
#.......##....##....##...


You could see a manticore, a hornet and an orc.

Vanquished Creatures
  A minotaur (Lab)
  Erica (D:9)
  4 two-headed ogres
  The ghost of ZomBoFoB the Carver, a novice DsCK of Xom (D:8)
  An unseen horror (D:9)
  A deep elf mage (D:12)
  An ugly thing (D:11)
  The ghost of sankara the Cudgeler, a novice MiFi of Okawaru (D:5)
  2 gargoyles
  A spiny frog (Lair:2)
  A komodo dragon (Lair:2)
  5 trolls
  Sigmund (D:2)
  A wraith (D:11)
  12 yaks
  A hungry ghost (D:9)
  A warg (D:12)
  Menkaure (D:7)
  2 soldier ants (D:11)
  A porcupine (Lair:2)
  Duvessa (D:3)
  A black bear (D:7)
  3 orc warriors
  A hornet zombie (D:8)
  2 sky beasts
  3 ice beasts
  7 ogres
  3 necrophages
  11 wolves
  4 centaurs
  2 crocodiles
  4 big kobolds
  8 bullfrogs
  2 wyvern zombies
  2 water moccasin zombies
  4 scorpions
  Dowan (D:4)
  7 killer bees
  16 wights
  6 howler monkeys
  5 crimson imps
  A centaur zombie (D:10)
  10 hounds
  3 jellies
  2 bullfrog skeletons
  9 orc wizards
  4 orc priests
  3 centaur skeletons
  A gnoll shaman (D:6)
  Natasha (twice) (D:2)
  14 worker ants
  A hound skeleton (D:9)
  Robin (D:3)
  16 adders
  A howler monkey skeleton (D:4)
  3 river rats (D:3)
  2 shadow imps
  5 oozes
  2 adder skeletons (D:5)
  4 worms
  5 leopard geckos
  40 orcs
  7 ball pythons
  5 bats
  5 giant cockroaches
  12 goblins
  8 hobgoblins
  2 jackals (D:1)
  30 kobolds
  3 quokkas
  2 frilled lizards
  2 quokka skeletons
  9 rats
  A fungus (Lair:1)
  2 plants (Lair:1)
350 creatures vanquished.

Notes
Turn   | Place    | Note
-------+----------+-------------------------------------------
     0 | D:1      | doot the Minotaur Fighter began the quest for the Orb.
     0 | D:1      | Reached XP level 1. HP: 19/19 MP: 0/0
   234 | D:2      | Reached XP level 2. HP: 26/27 MP: 1/1
   294 | D:3      | Noticed Robin
   320 | D:3      | Killed Robin
   320 | D:3      | Reached skill level 3 in Axes
   320 | D:3      | Reached XP level 3. HP: 14/33 MP: 2/2
   537 | D:3      | Reached XP level 4. HP: 14/40 MP: 3/3
   596 | D:3      | Found a glowing drain.
   601 | Sewer    | Entered a sewer
   838 | Sewer    | Noticed a big kobold
   843 | Sewer    | Killed a big kobold
   843 | Sewer    | Reached skill level 4 in Axes
   843 | Sewer    | Reached XP level 5. HP: 42/47 MP: 4/4
   945 | Sewer    | Reached skill level 5 in Armour
   945 | Sewer    | Reached skill level 1 in Dodging
   945 | Sewer    | Reached skill level 5 in Shields
  1233 | D:3      | Reached XP level 6. HP: 53/53 MP: 5/5
  1407 | D:4      | Reached skill level 5 in Fighting
  1611 | D:4      | Reached skill level 1 in Maces & Flails
  1753 | D:5      | Entered Level 5 of the Dungeon
  1753 | D:5      | Noticed an ice beast
  1769 | D:5      | Killed an ice beast
  1858 | D:5      | Reached XP level 7. HP: 61/61 MP: 6/6
  1873 | D:5      | Found a staircase to the Ecumenical Temple.
  1882 | Temple   | Entered the Ecumenical Temple
  2022 | Temple   | Became a worshipper of the Shining One
  2453 | D:4      | Noticed Dowan
  2472 | D:4      | Killed Dowan
  2496 | D:4      | Noticed Duvessa
  2538 | D:3      | Killed Duvessa
  3112 | D:2      | Noticed Sigmund
  3112 | D:2      | Noticed Natasha
  3202 | D:2      | Killed Sigmund
  3285 | D:2      | Killed Natasha
  3326 | D:2      | Noticed Natasha
  3338 | D:2      | Killed Natasha
  4204 | D:4      | Reached XP level 8. HP: 70/70 MP: 7/7
  4396 | D:4      | Reached skill level 5 in Maces & Flails
  4828 | D:5      | Noticed sankara's ghost (novice MiFi)
  5242 | D:5      | Reached * piety under the Shining One
  5318 | D:5      | Found a stormy altar of Qazlal.
  5707 | D:5      | Noticed a troll
  5903 | D:5      | Killed a troll
  6221 | D:5      | Killed sankara's ghost
  6221 | D:5      | Reached skill level 1 in Stealth
  6221 | D:5      | Reached XP level 9. HP: 50/77 MP: 8/8
  6544 | D:6      | Reached ** piety under the Shining One
  7373 | D:7      | Noticed Menkaure
  7379 | D:7      | Killed Menkaure
  7465 | D:7      | Reached skill level 5 in Axes
  7469 | D:7      | Reached skill level 10 in Maces & Flails
  7588 | D:7      | Found Doqer's Gadget Emporium.
  7598 | D:7      | Bought a lightning rod (4/4) for 440 gold pieces
  7605 | D:7      | Noticed a troll
  7613 | D:7      | Killed a troll
  7941 | D:7      | Reached XP level 10. HP: 87/87 MP: 9/9
  8132 | D:8      | Reached *** piety under the Shining One
  8216 | D:8      | Noticed a two-headed ogre
  8485 | D:8      | Reached skill level 6 in Axes
  8488 | D:8      | Gained mutation: Your magical capacity is low. (-10% MP) [mutagenic meat]
  8489 | D:8      | Gained mutation: Your spells are a little easier to cast, but a little less powerful. [mutagenic meat]
  8490 | D:8      | Lost mutation: Your spells are a little easier to cast, but a little less powerful. [mutagenic meat]
  8661 | D:8      | Killed a two-headed ogre
  8661 | D:8      | Reached skill level 7 in Axes
  8778 | D:8      | Noticed ZomBoFoB's ghost (novice DsCK)
  8875 | D:8      | Killed ZomBoFoB's ghost
  8875 | D:8      | Reached skill level 8 in Axes
  9190 | D:8      | Found a deep blue altar of Sif Muna.
  9313 | D:8      | Noticed a two-headed ogre
  9324 | D:8      | Killed a two-headed ogre
  9324 | D:8      | Reached skill level 9 in Axes
  9544 | D:9      | Noticed a gargoyle
  9552 | D:9      | Killed a gargoyle
  9570 | D:9      | Noticed Erica
  9572 | D:9      | Reached **** piety under the Shining One
  9584 | D:9      | Killed Erica
  9584 | D:9      | Reached XP level 11. HP: 66/96 MP: 8/8
  9765 | D:9      | Noticed an unseen horror
  9787 | D:9      | Killed an unseen horror
  9787 | D:9      | Reached skill level 10 in Axes
  9955 | D:9      | Noticed a two-headed ogre
  9964 | D:9      | Killed a two-headed ogre
 10505 | D:10     | Entered Level 10 of the Dungeon
 10886 | D:10     | Gained mutation: Armour fits poorly on your strangely shaped body. [mutagenic meat]
 10887 | D:10     | Gained mutation: You are dopey. (Int -2) [mutagenic meat]
 10888 | D:10     | Gained mutation: You are resistant to hostile enchantments. (MR+) [mutagenic meat]
 10889 | D:10     | Gained mutation: Your muscles are strong. (Str +2) [mutagenic meat]
 10890 | D:10     | Gained mutation: You are very dopey. (Int -4) [mutagenic meat]
 10977 | D:10     | Found a portal to a secret trove of treasure.
 11073 | D:10     | Found a shimmering altar of Xom.
 11621 | D:11     | Noticed a purple ugly thing
 11630 | D:11     | Killed a purple ugly thing
 11772 | D:11     | Reached skill level 11 in Axes
 11852 | D:11     | Reached skill level 10 in Armour
 11996 | D:11     | Noticed a two-headed ogre
 12004 | D:11     | Killed a two-headed ogre
 12004 | D:11     | Reached skill level 1 in Invocations
 12341 | D:11     | Reached skill level 10 in Fighting
 12602 | D:11     | Found a staircase to the Lair.
 12709 | Lair:1   | Entered Level 1 of the Lair of Beasts
 13428 | Lair:2   | Reached skill level 12 in Axes
 13428 | Lair:2   | Reached XP level 12. HP: 105/105 MP: 11/11
 13683 | Lair:2   | Noticed Scuka's ghost (journeyman DDFi)
 13857 | D:12     | Reached ***** piety under the Shining One
 13870 | D:12     | Found a labyrinth entrance.
 13881 | Lab      | Entered a labyrinth
 14238 | Lab      | Noticed a minotaur
 14248 | Lab      | Killed a minotaur
 14248 | Lab      | Reached skill level 10 in Shields
 14258 | Lab      | Got a fine short sword {flame}
 14258 | Lab      | Got an ichor-stained scale mail
 14267 | Lab      | Identified the +5 short sword "Demonbane" {flame, +Blink rF- Str+7 Stlth+} (You took it off a minotaur in a labyrinth)
 14278 | Lab      | Identified the +3 scale mail of Taipulimp {rC- MR+ rCorr Int+2} (You took it off a minotaur in a labyrinth)
 14394 | D:12     | Paralysed by a hornet for 3 turns
 14395 | D:12     | HP: 5/108 [manticore (7)]
 14396 | D:12     | Mangled by a hornet

Skill      XL: |  1  2  3  4  5  6  7  8  9 10 11 12 |
---------------+-------------------------------------+-----
Fighting       | 4 5 6 8 9 10 | 10.6
Shields        | 4 5 6 7 8 9 10 | 10.0
Axes           | 3 4 5 9 12 | 12.6
Armour         | 4 5 6 7 9 10 | 10.7
Dodging        | 1 2 3 |  3.3
Maces & Flails | 2 4 7 10 | 10.3
Stealth        | 1 |  1.5
Invocations    | 2 3 |  3.9

Action                   |  1- 3 |  4- 6 |  7- 9 | 10-12 || total
-------------------------+-------+-------+-------+-------++-------
Melee: War axe           |    50 |    41 |    39 |   424 ||   554
       Headbutt          |     5 |    14 |    57 |    89 ||   165
       Morningstar       |       |    67 |   259 |       ||   326
       Mace              |       |       |     3 |       ||     3
Evoke: Wand              |       |       |     1 |       ||     1
  Use: Scroll            |     1 |     2 |     1 |     3 ||     7
       Potion            |       |     4 |     6 |     6 ||    16
  Eat: Chunk             |       |     3 |    20 |    25 ||    48
       Fruit             |       |       |       |     1 ||     1
       Royal jelly       |       |       |       |     1 ||     1
Armor: Scale mail        |    27 |    82 |    70 |       ||   179
       Plate armour      |       |       |    19 |   155 ||   174
       Skin              |       |       |       |     3 ||     3
Dodge: Dodged            |    25 |    50 |    86 |   107 ||   268
Block: Shield            |    36 |    69 |   138 |   223 ||   466
